 Dungeon Crawl Stone Soup version 0.25-a0-502-g6516661a7a (webtiles) character file.

Game seed: 1902452628663849278, levelgen mode: deterministic

84 night the Chiller (level 4, -3/33 HPs)
             Began as a Demonspawn Ice Elementalist on Feb 12, 2020.
             Was a Follower of Vehumet.
             Slain by a gnoll
             ... wielding a +0 halberd
              (14 damage)
             ... on level 4 of the Dungeon.
             The game lasted 00:05:37 (3016 turns).

night the Chiller (Demonspawn Ice Elementalist)     Turns: 3016, Time: 00:05:38

Health: -3/33      AC:  2    Str:  9    XL:     4   Next: 23%
Magic:  4/8        EV: 12    Int: 17    God:    Vehumet [*.....]
Gold:   104        SH:  4    Dex: 13    Spells: 0/8 levels left

rFire    . . .     SeeInvis .   s - staff of wizardry (curse)
rCold    . . .     Gourm    .   (no shield)
rNeg     . . .     Faith    .   a - +0 robe
rPois    .         Spirit   .   (no helmet)
rElec    .         Reflect  +   (no cloak)
rCorr    .         Harm     .   (no gloves)
MR       .....                  (no boots)
Stlth    ++........             p - +4 amulet of reflection
HPRegen  0.11/turn              (no ring)
MPRegen  0.11/turn              (no ring)

@: very slightly contaminated
A: talons 1, demonic guardian 1
a: Renounce Religion


You were on level 4 of the Dungeon.
You worshipped Vehumet.
Vehumet was aware of your devotion.
You were not hungry.

You visited 1 branch of the dungeon, and saw 4 of its levels.

You collected 104 gold pieces.

Inventory:

Hand Weapons
 d - a +0 whip
Missiles
 f - 2 throwing nets
 k - 29 poisoned darts (quivered)
Armour
 a - a +0 robe (worn)
 g - a +0 buckler
Magical Staves
 s - a cursed staff of wizardry (weapon)
Jewellery
 p - a +4 amulet of reflection (around neck)
 t - an uncursed amulet of the acrobat {unknown}
Scrolls
 b - a scroll of noise {unknown}
 e - a scroll of enchant armour {unknown}
 j - 4 scrolls of remove curse {unknown}
 l - a scroll of amnesia {unknown}
 n - 4 scrolls of identify {unknown}
 q - a scroll of teleportation {unknown}
 v - a scroll of fog {unknown}
Potions
 h - a potion of invisibility {unknown}
 i - 3 potions of brilliance {unknown}
 m - a potion of mutation {unknown}
 o - a potion of berserk rage {unknown}
 r - a potion of agility {unknown}
Comestibles
 c - 3 rations
 u - a chunk of flesh


   Skills:
 + Level 1.8 Fighting
 - Level 1.7 Dodging
 - Level 1.7 Stealth
 + Level 2.6 Spellcasting
 * Level 4.5 Ice Magic


You couldn't memorise any spells.
You knew the following spells:

 Your Spells              Type           Power        Failure   Level  Hunger
a - Freeze                Ice            ###.         1%          1    #......
b - Frozen Ramparts       Ice            ###...       3%          3    ###....
c - Summon Ice Beast      Ice/Summ       #.......     26%         4    #####..

Your spell library contained the following spells:

 Spells                   Type           Power        Failure   Level  Hunger
 Sandblast                Erth           #.....       8%          1    #......
 Magic Dart               Conj           #...         8%          1    #......
 Ozocubu's Armour         Chrm/Ice       #.......     9%          3    ###....
 Blink                    Tloc           N/A          12%         2    ##.....
 Call Imp                 Summ           #.......     12%         2    ##.....
 Slow                     Hex            #.......     12%         2    ##.....
 Conjure Flame            Conj/Fire      #.......     22%         3    ###....
 Mephitic Cloud           Conj/Pois/Air  #.......     22%         3    ###....
 Hailstorm                Conj/Ice       #.......     26%         4    #####..


Dungeon Overview and Level Annotations

Branches:
Dungeon (4/15)
 Temple: D:4-7

Altars:
Vehumet


Innate Abilities, Weirdness & Mutations

You have sharp toenails.
A weak demonic guardian rushes to your aid.


Message History

There is an open door here.
Found 26 bolts.
You pick up a book of Minor Magic and begin reading...
You add the spells Magic Dart, Blink, Call Imp, Slow, Conjure Flame and Mephitic Cloud to your library.
There is an open door here.
There is an open door here.
As you open the door, it creaks loudly!
You hear a shout! x2
A bullfrog skeleton comes into view.
There is an open door here.
The gnoll shouts!
You hear a shout!
Found a stone staircase leading down.
You swap places.
The gnoll hits you from afar with a +0 halberd!
Casting: Freeze (safe; 1% risk of failure)
Confirm with . or Enter, or press ? or * to list all spells.
You miscast Summon Ice Beast.
You are very lightly contaminated with residual magic.
You feel a strange surge of energy! The bullfrog skeleton hits you.
The gnoll hits you from afar with a +0 halberd!
You die...

..... ....# ....# ....#
....## .....#
##+###Z....#.
#....@.g..g'.
+...55.....#. ##..##.....#
.###+#####'# .>..##...#
###
...........#####+##...#
#..
...........#..........#
#..
.#######...##.........+
#..
#.###...##....##...#...#..
#.......##....##...#...#..


You could see 2 gnolls, a bullfrog skeleton and 2 friendly iron imps.

Vanquished Creatures
  2 adders
  An ooze (D:1)
  3 worms
  4 dart slugs
  4 bats
  2 giant cockroaches
  8 hobgoblins
  A ball python (D:2)
  4 frilled lizards
  5 goblins
  6 kobolds
  12 rats
52 creatures vanquished.

Notes
Turn   | Place    | Note
-------+----------+-------------------------------------------
     0 | D:1      | night the Demonspawn Ice Elementalist began the quest for
                  | the Orb.
     0 | D:1      | Reached XP level 1. HP: 13/13 MP: 3/3
   308 | D:1      | Gained mutation: A weak demonic guardian rushes to your
                  | aid. [demonic ancestry]
   308 | D:1      | Reached XP level 2. HP: 20/20 MP: 3/5
   567 | D:1      | Reached skill level 4 in Ice Magic
   893 | D:1      | Reached skill level 1 in Fighting
  1015 | D:1      | Gained mutation: You have sharp toenails. [demonic
                  | ancestry]
  1015 | D:1      | Reached XP level 3. HP: 23/26 MP: 2/6
  1057 | D:1      | Learned a level 3 spell: Frozen Ramparts
  1364 | D:2      | Found a radiant altar of Vehumet.
  1385 | D:2      | Became a worshipper of Vehumet
  2286 | D:3      | Reached XP level 4. HP: 26/33 MP: 2/7
  2379 | D:3      | Reached * piety under Vehumet
  2379 | D:3      | Offered knowledge of Sandblast by Vehumet.
  2500 | D:3      | Learned a level 4 spell: Summon Ice Beast
  3016 | D:4      | Slain by a gnoll

Levels and vault maps discovered:
D:1:      dpeg_arrival_oval, layout_rooms
D:2:      layout_rooms, vehumet_crystals
D:3:      layout_basic, nrook_loot_triangle
D:4:      layout_gridville, overflow_temple_1_default,
          minmay_temple_entry_waves, first_ration, uniq_natasha, uniq_duvessa

Skill      XL: |  1  2 |
---------------+-------+-----
Ice Magic      | 4 |  4.5
Fighting       | 1 |  1.8
Dodging        | |  1.7
Stealth        | |  1.7
Spellcasting   | |  2.6

Action                   |  1- 3 |  4- 6 || total
-------------------------+-------+-------++-------
Melee: Unarmed           |    31 |       ||    31
       Whip              |    42 |    13 ||    55
       Kick              |     5 |     6 ||    11
       Staff             |       |    10 ||    10
Throw: Dart              |     5 |       ||     5
 Cast: Freeze            |    49 |     4 ||    53
 Stab: Sleeping          |     1 |     4 ||     5
  Eat: Chunk             |     5 |     2 ||     7
Armor: Robe              |     9 |     1 ||    10
Dodge: Dodged            |    55 |     7 ||    62
Block: Other             |     1 |     2 ||     3

Table legend:
 A = Non-vault XP
 B = Vault XP
 C = Vault XP percentage of total XP
 D = Non-vault monster count
 E = Vault monster count
 F = Vault count percentage of total count
                 A         B        C        D         E       F
            +---------+---------+-------+---------+---------+-------
      Total |     120 |       0 |   0.0 |      52 |       0 |   0.0
            +---------+---------+-------+---------+---------+-------
        D:1 |      47 |       0 |   0.0 |      24 |       0 |   0.0
        D:2 |      38 |       0 |   0.0 |      15 |       0 |   0.0
        D:3 |      33 |       0 |   0.0 |      12 |       0 |   0.0
        D:4 |       2 |       0 |   0.0 |       1 |       0 |   0.0
            +---------+---------+-------+---------+---------+-------
